 Dungeon Crawl Stone Soup version 0.32-a0-597-g8e3e136d6a (webtiles) character file.

Game seed: 7288176154118948801

35 dolemite99 the Shooter (level 3, 0/26 HPs)
             Began as a Coglin Hexslinger on Mar 2, 2024.
             Slain by a cerulean imp
             ... wielding a +1 spear
             ... summoned by Natasha
              (2 damage)
             ... on level 2 of the Dungeon.
             The game lasted 00:01:12 (1176 turns).

dolemite99 the Shooter (Coglin Hexslinger)          Turns: 1176, Time: 00:01:13

Health: 0/26       AC:  2    Str:  7 (10) XL:     3   Next: 33%
Magic:  4/4        EV: 12    Int: 10 (12) God:
Gold:   56         SH:  0    Dex: 15 (16) Spells: 4/4 levels left

rFire   . . .        a - +2 sling {Qiang}
rCold   . . .        d - -2 sling {Octavius}
rNeg    . . .        c - +0 robe
rPois   .            (no helmet)
rElec   .            (no cloak)
rCorr   .            (no gloves)
SInv    .            (no boots)
Will    .....        (amulet unavailable)
Stlth   +            (ring unavailable)
HPRegen 0.24/turn    (ring unavailable)
MPRegen 0.09/turn    (no gizmo)

%: no passive effects
@: revving
A: off-hand wielding, slow wielding, warmup strikes, no jewellery
a: Invent Gizmo


You were on level 2 of the Dungeon.
You visited 1 branch of the dungeon, and saw 2 of its levels.

You collected 56 gold pieces.

Inventory:

Hand Weapons
 a - a +2 sling (weapon) {Qiang}
 d - a -2 sling (offhand) {Octavius}
Missiles
 f - 2 boomerangs
 n - 2 throwing nets
Armour
 c - a +0 robe (worn)
 e - a +0 ring mail
 m - a +0 plate armour
Wands
 h - a wand of flame (13)
Scrolls
 b - a scroll of poison
 g - a scroll of identify {@r1}
Potions
 o - a potion of curing


   Skills:
 - Level 1.0 Fighting
 + Level 3.3 Ranged Weapons
 - Level 1.7 Dodging
 - Level 1.0 Spellcasting
 - Level 2.6 Hexes
 - Level 0.8 Fire Magic


You had 4 spell levels left.
You didn't know any spells.
Your spell library contained the following spells:

 Spells                   Type           Power      Damage    Failure   Level
 Jinxbite                 Hex            10%        N/A       17%         2
 Necrotise                Necr           0%         1d4       34%         1
 Sting                    Conj/Alch      0%         1d3       34%         1
 Sigil of Binding         Hex            5%         N/A       34%         3
 Mercury Vapours          Alch/Air       0%         N/A       45%         2
 Inner Flame              Hex/Fire       4%         N/A       45%         3
 Vampiric Draining        Necr           0%         2d6       71%         3
 Cause Fear               Hex            2%         N/A       75%         4
 Dimensional Bullseye     Hex/Tloc       1%         N/A       89%         4
 Martyr's Knell           Necr/Summ      0%         N/A       98%         4
 Olgreb's Toxic Radiance  Alch           0%         N/A       98%         4
 Curse of Agony           Necr           0%         N/A       100%        5


Dungeon Overview and Level Annotations

Branches:
Dungeon (2/15)

Altars:

Annotations:
D:2 Natasha


Innate Abilities, Weirdness & Mutations

You can wield a second weapon in your off-hand.
It takes a long time for you to wield or remove held weapons.
Your first few attacks do less damage.
You cannot equip rings or amulets.


Message History

You shoot a sling bullet.
The cerulean imp hits you from afar with a +1 spear.
Natasha claws you!
You shoot a sling bullet. The sling bullet barely misses Natasha.
The sling bullet misses the cerulean imp.
You shoot a sling bullet.
The sling bullet hits Natasha but does no damage.
The cerulean imp hits you but does no damage.
Natasha claws you.
The cerulean imp hits you from afar with a +1 spear.
* * * LOW HITPOINT WARNING * * *
You shoot a sling bullet. The sling bullet hits Natasha.
Natasha is moderately wounded.
You shoot a sling bullet.
The sling bullet hits Natasha but does no damage.
Natasha is moderately wounded.
Natasha claws you.
* * * LOW HITPOINT WARNING * * *
The cerulean imp closely misses you. Natasha completely misses you.
You shoot a sling bullet.
The sling bullet closely misses Natasha.
The sling bullet closely misses the cerulean imp.
You shoot a sling bullet. The sling bullet misses Natasha.
The sling bullet hits the cerulean imp.
The cerulean imp is lightly wounded.
The cerulean imp barely misses you. Natasha claws you.
* * * LOW HITPOINT WARNING * * *
It was a potion of curing.
You feel better.
The cerulean imp hits you from afar with a +1 spear.
* * * LOW HITPOINT WARNING * * *
Natasha claws you.
* * * LOW HITPOINT WARNING * * *
It was a potion of degeneration.
There was something very wrong with that liquid.
You feel weakened.
You feel dopey.
You feel clumsy.
The cerulean imp hits you but does no damage.
Natasha closely misses you.
It was a potion of magic.
Magic courses through your body.
The cerulean imp hits you from afar with a +1 spear.
You die...

#..# #.# ........
#... ##.# #..####..##
#.## #.# #..# #..#
#.# #.# # #..# #..#
#.# #.# #.#.$# #..#
#.#.## #.# .#..####
#.#... #.# ...5.....
#.#.##
#.#####†h##....
##.#.##
#.....>@........
...#.##
########.##.....
##...#
#.###...####.....
#.#...........÷..
#.........##.....
#.........###...#
#..........###.##
#..........# #.##
##########..........#
#.##


You could see Natasha and a cerulean imp (summoned).

Vanquished Creatures
  An adder (D:2)
  A ribbon worm (D:2)
  A dart slug (D:1)
  An endoplasm (D:1)
  6 goblins
  A hobgoblin (D:2)
  A quokka (D:2)
  3 ball pythons
  2 bats (D:2)
  A frilled lizard (D:2)
  2 kobolds (D:1)
20 creatures vanquished.

Notes
Turn   | Place    | Note
-------+----------+-------------------------------------------
     0 | D:1      | dolemite99 the Coglin Hexslinger began the quest for the
                  | Orb.
     0 | D:1      | Reached XP level 1. HP: 15/15 MP: 2/2
    29 | D:1      | Reached skill level 2 in Ranged Weapons
   156 | D:1      | Reached XP level 2. HP: 21/21 MP: 3/3
  1054 | D:2      | Reached skill level 3 in Ranged Weapons
  1101 | D:2      | Reached XP level 3. HP: 26/26 MP: 4/4
  1164 | D:2      | Noticed Natasha
  1174 | D:2      | HP: 1/26 [Natasha (6)]
  1176 | D:2      | Slain by a cerulean imp

Illustrated notes

Levels and vault maps discovered:
D:1:      roderic_crop_circles_arrival_small, layout_rooms,
          palyth_stone_intersect, patterned_corridor
D:2:      layout_loops_ring, minmay_tall_x, uniq_natasha

Skill      XL: |  1  2 |
---------------+-------+-----
Ranged Weapons | 2 3 |  3.3
Fighting       | |  1.0
Dodging        | |  1.7
Spellcasting   | |  1.0
Hexes          | |  2.6
Fire Magic     | |  0.8

Action                     || total
---------------------------++-------
   Fire: Sling             ||   108
    Use: Scroll            ||     6
         Potion            ||     3
 Armour: Robe              ||    17
  Dodge: Dodged            ||    16

Table legend: (Time is in decaauts)
 A = Elapsed time spent in this place.
 B = Non-inter-level travel time spent in this place.
 C = Inter-level travel time spent in this place.
 D = Time resting spent in this place.
 E = Time spent auto-exploring this place.
 F = Levels seen in this place.
 G = Mean time per level.
                   A        B        C        D        E       F      G
               +--------+--------+--------+--------+--------+-----+--------+
         Total |   1190 |   1150 |     40 |    450 |    498 |   2 |  595.0 |
       Dungeon |   1190 |   1150 |     40 |    450 |    498 |   2 |  595.0 |
               +--------+--------+--------+--------+--------+-----+--------+

Top non-repeatable levels by time:
     D:1: 721 daAuts
     D:2: 469 daAuts
